Map: Tours du crépuscule

Players

MistOfGosRia

  • Race: Protoss Protoss
  • League: Gold

ezeckiel - Winner!

  • Race: Protoss Protoss

VOD

Have the link to the VOD?

Description

Time

  • Played on: Jan. 10, 2016, 9:43 a.m.
  • Length: 21:34
Show
View Real Time Build Order
Export as new Build Order

MistOfGosRia Protoss 

Build Orders:  

Get SALT Encoding   

  12  0:01  Probe (Chrono Boost)  
  13  0:11  Probe (Chrono Boost)  
  14  0:17  Pylon  
  14  0:22  Probe (Chrono Boost)  
  15  0:36  Probe (Chrono Boost)  
  15  0:37  Gateway  
  16  0:46  Probe (Chrono Boost)  
  16  0:49  Assimilator  
  18  0:57  Probe (Chrono Boost)  
  18  1:01  Gateway  
  18  1:07  Probe (Chrono Boost)  
  19  1:18  Probe (Chrono Boost)  
  20  1:28  Cybernetics Core, Probe (Chrono Boost)  
  21  1:37  Assimilator  
  21  1:39  Probe (Chrono Boost)  
  22  1:44  Pylon  
  22  1:50  Probe (Chrono Boost)  
  23  2:02  Probe (Chrono Boost)  
  23  2:05  Stalker x2  
  28  2:14  Probe (Chrono Boost)  
  29  2:19  Warp Gate  
  29  2:25  Probe (Chrono Boost)  
  30  2:35  Probe (Chrono Boost)  
  31  2:37  Pylon  
  31  2:55  Probe (Chrono Boost)  
  31  2:56  Pylon  
  32  2:59  Stalker x2  
  36  3:06  Probe (Chrono Boost)  
  37  3:12  Assimilator  
  37  3:31  Robotics Facility  
  37  3:32  Zealot x2  
  41  3:42  Probe (Chrono Boost), Nexus  
  42  3:55  Pylon  
  42  3:57  Probe (Chrono Boost), Pylon  
  43  4:08  Mothership Core (Chrono Boost)  
  45  4:15  Gateway x2  
  45  4:20  Observer  
  46  4:27  Probe (Chrono Boost)  
  47  4:37  Probe (Chrono Boost)  
  47  4:38  Zealot  
  50  4:40  Assimilator  
  50  4:42  Sentry  
  50  4:44  Observer  
  53  4:48  Probe (Chrono Boost)  
  54  4:56  Probe (Chrono Boost)  
  54  4:58  Probe (Chrono Boost)  
  56  5:00  Pylon  
  56  5:06  Probe (Chrono Boost)  
  57  5:09  Immortal  
  61  5:15  Forge  
  61  5:19  Pylon  
  61  5:28  Stalker  
  63  5:41  Stalker x2  
  63  5:42  Stalker  
  69  5:51  Immortal  
  69  5:55  Probe x2 (Chrono Boost)  
  75  6:03  Protoss Ground Weapons Level 1 (Chrono Boost)  
  75  6:06  Probe (Chrono Boost)  
  75  6:07  Probe (Chrono Boost)  
  77  6:13  Assimilator  
  77  6:16  Probe (Chrono Boost)  
  77  6:18  Probe (Chrono Boost)  
  79  6:27  Probe (Chrono Boost)  
  79  6:28  Probe (Chrono Boost)  
  79  6:29  Gateway  
  79  6:30  Twilight Council  
  79  6:32  Immortal  
  81  6:38  Probe  
  86  6:47  Zealot x2  
  86  6:48  Zealot  
  86  6:53  Stalker  
  94  7:09  Pylon  
  94  7:19  Pylon  
  94  7:22  Photon Cannon  
  94  7:24  Observer  
  94  7:27  Probe x2, Photon Cannon  
  97  7:30  Blink  
  97  7:39  Probe x2, Pylon  
  99  7:47  Warp Prism  
  99  7:48  Protoss Ground Weapons Level 2 (Chrono Boost)  
  99  7:51  Probe x2  
  99  7:55  Stalker  
  105  8:12  Stalker x2  
  107  8:13  Stalker x2  
  113  8:26  Immortal  
  117  8:54  Pylon  
  117  8:56  Pylon  
  117  8:57  Pylon  
  111  9:09  Stalker x4  
  105  9:10  Stalker  
  67  9:45  Stalker  
  67  9:46  Stalker x4  
  77  9:57  Nexus  
  77  10:03  Assimilator  
  77  10:07  Probe x2, Assimilator  
  77  10:11  Pylon  
  77  10:12  Pylon  
  77  10:13  Stalker x3  
  85  10:19  Probe x2  
  87  10:24  Immortal  
  87  10:30  Protoss Ground Weapons Level 3 (Chrono Boost)  
  87  10:31  Probe x2  
  93  10:37  Stalker  
  95  10:43  Probe x2  
  97  10:55  Probe x2  
  99  11:00  Robotics Bay  
  99  11:03  Adept x3  
  99  11:04  Adept x2  
  109  11:16  Gateway x2  
  109  11:25  Adept  
  109  11:26  Adept x2  
  115  11:40  Stalker  
  115  11:41  Stalker  
  115  11:42  Disruptor  
  122  11:54  Observer Gravitic Boosters  
  122  11:56  Stalker x3  
  128  12:07  Resonating Glaives  
  128  12:12  Robotics Facility  
  128  12:13  Disruptor  
  127  12:19  Stalker x2  
  127  12:20  Stalker x3  
  127  12:21  Stalker x2  
  144  12:38  Pylon  
  144  12:41  Gateway  
  144  12:43  Stalker x2, Gateway  
  144  12:44  Stalker  
  150  12:46  Protoss Ground Armor Level 1 (Chrono Boost)  
  150  12:47  Observer (Chrono Boost)  
  151  13:03  Disruptor (Chrono Boost)  
  158  13:14  Immortal (Chrono Boost)  
  158  13:16  Gateway  
  158  13:17  Gateway  
  158  13:19  Stalker, Pylon  
  160  13:21  Pylon  
  160  13:24  Adept x2  
  164  13:48  Stalker x4  
  166  13:49  Stalker x2  
  176  14:01  Disruptor (Chrono Boost)  
  182  14:06  Disruptor (Chrono Boost)  
  182  14:29  Stalker x3  
  182  14:30  Stalker x4  
  194  15:12  Nexus  
  189  15:15  Pylon  
  189  15:19  Pylon  
  189  15:20  Pylon  
  162  15:22  Pylon  
  92  15:44  Stalker  
  92  15:45  Stalker x4  
  92  15:46  Stalker x4  
  76  16:03  Disruptor (Chrono Boost)  
  70  16:08  Disruptor (Chrono Boost)  
  70  16:30  Stalker x3  
  76  16:34  Disruptor (Chrono Boost)  
  79  16:51  Assimilator  
  74  16:56  Assimilator  
  74  16:57  Observer (Chrono Boost)  
  72  17:05  Observer (Chrono Boost)  
  70  17:10  Stalker x4  
  70  17:11  Stalker  
  75  17:29  Probe  
  75  17:30  Probe  
  75  17:31  Probe  
  78  17:40  Stalker x2  
  78  17:41  Stalker x4  
  90  18:03  Stalker x5  
  100  18:15  Disruptor (Chrono Boost)  
  106  18:34  Disruptor (Chrono Boost)  
  106  18:46  Nexus  
  105  19:10  Disruptor (Chrono Boost)  
  105  19:15  Disruptor (Chrono Boost)  
  105  19:17  Zealot x7  
  125  19:25  Charge (Chrono Boost)  
  125  19:52  Zealot  
  125  19:53  Zealot x2  
  125  19:57  Nexus  
  125  19:58  Observer  
  131  20:02  Disruptor, Assimilator  
  131  20:06  Assimilator  
  135  20:17  Pylon  
  135  20:18  Stalker x2  
  135  20:19  Pylon  
  139  20:29  Disruptor  
  142  20:38  Disruptor  
  142  20:40  Stalker x2  
  149  20:58  Photon Cannon  
  149  21:00  Stalker  
  149  21:02  Photon Cannon  
  151  21:17  Photon Cannon  
  98  21:29  Stalker  
  98  21:30  Stalker x3  
Show
View Real Time Build Order
Export as new Build Order

ezeckiel Protoss - Winner!

Build Orders:  

Get SALT Encoding   

  12  0:01  Probe (Chrono Boost)  
  13  0:11  Probe (Chrono Boost)  
  14  0:22  Pylon  
  14  0:23  Probe (Chrono Boost)  
  15  0:41  Probe (Chrono Boost), Gateway  
  16  0:51  Assimilator  
  16  0:52  Probe (Chrono Boost)  
  16  0:55  Pylon  
  17  1:02  Probe (Chrono Boost)  
  18  1:09  Assimilator  
  18  1:13  Probe (Chrono Boost)  
  19  1:29  Probe (Chrono Boost)  
  20  1:35  Pylon  
  20  1:47  Pylon  
  20  2:05  Nexus  
  20  2:18  Cybernetics Core, Forge  
  20  2:32  Probe (Chrono Boost), Pylon  
  20  2:37  Gateway  
  21  2:53  Photon Cannon  
  21  2:55  Stalker  
  21  2:58  Warp Gate (Chrono Boost)  
  23  3:24  Pylon  
  23  3:25  Stalker  
  25  3:27  Gateway  
  25  3:35  Twilight Council  
  25  3:39  Stalker  
  27  3:49  Photon Cannon  
  27  3:59  Probe  
  27  4:00  Assimilator  
  28  4:10  Probe, Photon Cannon  
  29  4:23  Gateway  
  29  4:33  Dark Shrine  
  28  4:52  Stalker  
  30  4:54  Zealot x2  
  34  5:04  Probe  
  34  5:05  Probe  
  36  5:12  Protoss Ground Weapons Level 1  
  36  5:15  Probe  
  36  5:16  Probe  
  38  5:26  Probe  
  39  5:28  Probe  
  40  5:36  Probe  
  40  5:41  Mothership Core  
  43  5:47  Probe  
  44  5:50  Stalker x2  
  44  5:51  Zealot  
  44  5:52  Zealot  
  52  5:57  Probe  
  52  6:02  Probe  
  54  6:08  Probe, Assimilator  
  55  6:13  Assimilator  
  55  6:14  Probe  
  55  6:17  Robotics Facility  
  56  6:38  Probe  
  56  6:42  Probe  
  56  6:47  Dark Templar x2  
  60  6:49  Probe  
  63  6:54  Probe  
  64  7:03  Probe  
  61  7:16  Pylon  
  61  7:20  Pylon x2  
  61  7:25  Pylon  
  61  7:32  Immortal (Chrono Boost)  
  65  7:37  Zealot x2  
  65  7:38  Zealot  
  65  7:39  Zealot  
  65  7:43  Charge  
  73  7:49  Protoss Ground Weapons Level 2 (Chrono Boost)  
  73  7:55  Probe  
  74  8:00  Stalker  
  76  8:05  Immortal  
  76  8:07  Probe  
  81  8:19  Probe  
  82  8:31  Probe  
  83  8:37  Nexus  
  83  8:38  Sentry  
  83  8:39  Sentry, Pylon  
  83  8:40  Zealot x2  
  91  8:42  Observer  
  92  8:58  Immortal  
  82  9:15  Stalker  
  80  9:21  Dark Templar x2  
  80  9:22  Dark Templar  
  80  9:23  Zealot  
  80  9:24  Blink  
  60  9:51  Protoss Ground Armor Level 1 (Chrono Boost)  
  60  9:53  Immortal  
  60  9:55  Stalker x2  
  60  9:56  Stalker x2  
  72  10:00  Pylon  
  72  10:06  Probe  
  73  10:14  Pylon  
  73  10:17  Probe  
  74  10:23  Gateway  
  74  10:24  Gateway  
  74  10:26  Pylon  
  74  10:28  Immortal  
  74  10:29  Pylon  
  78  10:38  Sentry x2  
  78  10:41  Zealot  
  78  10:42  Zealot  
  86  11:11  Zealot  
  86  11:12  Zealot x3  
  94  11:22  Nexus  
  94  11:26  Probe  
  94  11:30  Protoss Shields Level 1 (Chrono Boost)  
  95  11:35  Assimilator  
  95  11:37  Probe  
  96  11:40  Assimilator  
  96  11:42  Photon Cannon  
  96  11:45  Photon Cannon  
  96  11:47  Photon Cannon  
  96  11:50  Pylon  
  96  11:58  Stalker x4  
  104  12:04  Observer  
  105  12:08  Probe  
  106  12:19  Probe  
  107  12:23  Observer  
  107  12:29  Probe  
  109  12:38  Templar Archives  
  109  12:39  Sentry, Immortal  
  109  12:40  Sentry x2  
  109  12:41  Sentry  
  121  13:06  Stalker x3  
  121  13:07  Stalker x3  
  121  13:08  Probe  
  121  13:10  Protoss Ground Weapons Level 3 (Chrono Boost)  
  134  13:13  Immortal  
  134  13:18  Probe  
  134  13:19  Probe  
  139  13:29  Probe  
  139  13:30  Probe  
  139  13:33  High Templar x3  
  147  13:34  High Templar  
  147  13:35  Zealot  
  147  13:36  Zealot  
  147  13:38  Archon  
  147  13:39  Archon  
  147  13:40  Probe  
  153  13:47  Immortal  
  158  13:58  Stalker  
  158  13:59  Stalker  
  158  15:05  Zealot x3  
  164  15:13  Pylon  
  156  15:17  Pylon  
  156  15:21  Pylon  
  136  15:25  Pylon  
  136  15:26  Protoss Ground Armor Level 2 (Chrono Boost)  
  126  15:30  Stalker  
  126  15:31  Stalker x5  
  76  15:59  Immortal  
  76  16:10  Robotics Bay  
  76  16:14  Robotics Facility  
  76  16:17  Gateway  
  76  16:19  Gateway  
  76  16:22  Stalker x4  
  76  16:23  Stalker x2  
  88  16:33  Immortal  
  92  16:40  Gateway  
  92  16:43  Gateway  
  92  16:44  Assimilator  
  92  16:49  Assimilator  
  92  16:52  Photon Cannon  
  92  16:55  Photon Cannon  
  92  17:07  Immortal  
  96  17:24  Protoss Shields Level 2 (Chrono Boost)  
  95  17:32  Zealot x6  
  95  17:34  Colossus  
  113  17:41  Immortal  
  117  17:52  Pylon  
  117  17:53  Pylon  
  117  17:59  Zealot  
  117  18:00  Zealot x5  
  129  18:15  Immortal  
  129  18:20  Nexus, Pylon  
  129  18:24  Pylon, High Templar x2  
  129  18:27  High Templar x3  
  139  18:28  Colossus, High Templar  
  139  18:29  High Templar x2  
  155  18:35  Archon x2  
  155  18:36  Archon x2  
  155  18:41  Zealot x2  
  159  18:57  Immortal  
  163  19:07  Zealot x2  
  163  19:08  Zealot x6  
  163  19:09  Zealot  
  181  19:10  Zealot  
  183  19:21  Colossus  
  188  19:31  Immortal  
  192  19:43  Photon Cannon  
  192  19:52  Photon Cannon  
  192  19:54  Photon Cannon  
  192  19:55  Zealot  
  192  19:56  Zealot x3  
  192  19:57  Pylon  
Tags
 
Add a new tag
Caveats
  • Supply blocks, unpowered buildings, or Contaminate may cause inaccurate times.
  • Supply counts are checked every 10 seconds.